 Dungeon Crawl Stone Soup version 0.31.0-11-ge490571c62 (webtiles) character file.

Game seed: 12352428250419228303

109 Zeor the Apothecary (level 4, 0/30 HPs)
             Began as a Merfolk Alchemist on Feb 2, 2024.
             Slain by a river rat (5 damage)
             ... in a sewer.
             The game lasted 00:10:05 (2822 turns).

Zeor the Apothecary (Merfolk Alchemist)             Turns: 2822, Time: 00:10:05

Health: 0/30       AC:  4    Str:  8    XL:     4   Next: 90%
Magic:  1/7        EV: 12    Int: 16    God:
Gold:   61         SH:  0    Dex: 14    Spells: 2/8 levels left

rFire   . . .        m - +0 short sword
rCold   . . .        (no shield)
rNeg    . . .        e - +0 leather armour
rPois   .            (no helmet)
rElec   .            (no cloak)
rCorr   .            j - +0 pair of gloves
SInv    .            (no boots)
Will    .....        (no amulet)
Stlth   ++           (no ring)
HPRegen 0.25/turn    (no ring)
MPRegen 0.10/turn

%: no passive effects
@: lethally poisoned (0 -> -7)
A: (nimble swimmer 2), mertail
a: no special abilities


You were in a sewer.
You visited 1 branch of the dungeon, and saw 3 of its levels.
You also visited: Sewer.

You collected 61 gold pieces.

Inventory:

Hand Weapons
 c - a +0 dagger
 m - a +0 short sword (weapon)
Missiles
 d - 4 javelins
Armour
 e - a +0 leather armour (worn)
 j - a +0 pair of gloves (worn)
Magical Staves
 g - a staff of fire
Scrolls
 f - a scroll of torment
 h - 2 scrolls of butterflies
 l - a scroll of teleportation
Potions
 a - a potion of haste
 b - a potion of magic
 i - a potion of heal wounds {unknown}
 k - a potion of curing


   Skills:
 + Level 0.2 Fighting
 + Level 1.0 Short Blades
 + Level 0.9 Armour
 * Level 4.0 Dodging
 + Level 2.5 Stealth
 * Level 2.5 Spellcasting
 + Level 1.1 Conjurations
 + Level 5.0 Alchemy


You had 2 spell levels left.
You knew the following spells:

 Your Spells              Type           Power      Damage    Failure   Level
c - Mephitic Cloud        Conj/Alch/Air  8%         N/A       34%         3
s - Sting                 Conj/Alch      44%        1d5       8%          1
v - Mercury Vapours       Alch/Air       20%        N/A       16%         2

Your spell library contained the following spells:

 Spells                   Type           Power      Damage    Failure   Level
 Olgreb's Toxic Radiance  Alch           18%        N/A       34%         4
 Frozen Ramparts          Ice            4%         1d1       63%         3
 Leda's Liquefaction      Alch/Erth      5%         N/A       69%         4
 Petrify                  Alch/Erth      10%        N/A       69%         4
 Sticky Flame             Fire/Alch      10%        2d5       69%         4
 Metabolic Englaciation   Hex/Ice        1%         N/A       100%        5


Dungeon Overview and Level Annotations

Branches:
Dungeon (3/15)              Sewer (1/1)

Altars:

Annotations:
D:2 1 runed translucent door, Crazy Yiuf


Innate Abilities, Weirdness & Mutations

((You are very nimble when in or above water. (Stealth+, EV+, Speed+++)))
Your lower body shifts to a powerful aquatic tail in water.


Message History

Aiming: Sting (safe; 8% risk of failure)
Press: ? - help, Shift-Dir - straight line, f/p - crocodile
Aim: a crocodile (water, lightly wounded, confused, poisoned, 86% to hit)
The sting hits the crocodile.
The crocodile looks even sicker.
The crocodile is lightly wounded.
Casting: Sting (safe; 8% risk of failure)
Confirm with . or Enter, or press ? or * to list all spells.
Aiming: Sting (safe; 8% risk of failure)
Press: ? - help, Shift-Dir - straight line, f/p - crocodile
Aim: a crocodile (water, lightly wounded, confused, very poisoned, 86% to hit)
The sting hits the crocodile but does no damage.
The crocodile looks even sicker.
The crocodile is lightly wounded.
Casting: Sting (safe; 8% risk of failure)
Confirm with . or Enter, or press ? or * to list all spells.
You don't have enough magic to cast this spell.
Unknown command.
Unknown command.
The crocodile is engulfed in noxious fumes.
The adder bites you.
You are poisoned.
The adder poisons you!
The crocodile is engulfed in noxious fumes.
The crocodile appears confused.
There is a gate leading back out of this place here.
You hit the adder.
The adder is moderately wounded.
You feel sick. The adder bites you.
* * * LOW HITPOINT WARNING * * *
You are lethally poisoned!
The adder poisons you!
You hit the adder.
The adder is heavily wounded.
* * * LOW HITPOINT WARNING * * *
You feel sick.
An adder comes into view.
The adder bites you.
* * * LOW HITPOINT WARNING * * *
The river rat bites you.
You die...

~∙ ∙~∙ ∙∙∙ ▒~▒ ▒~▒ ▒~▒
▒~▒ ▒~▒ ▒~▒ ▒▒~▒▒ ▒▒~▒▒
▒▒∙∙∙▒▒ ▒▒##∙▒▒
~▒▒▒▒~∙~S∙▒▒▒▒▒###∙~▒▒▒▒
S~~~~~rm∙~l○≈≈≈###~∙~~~~
∙▒▒▒▒∙~~∙~▒▒☼▒▒∙#~∙∙▒▒▒▒
▒▒~~~▒▒▒~▒▒▒#~~▒▒ ▒▒≈▒▒
▒K▒ ▒▒≈▒▒ ▒≈▒ ∙?∙ ▒≈▒
▒≈▒ ?∩? ▒≈▒ ▒≈▒ ▒∙?~▒
▒≈▒ ▒≈▒ ▒▒~▒▒▒▒≈▒▒
▒▒∙~~▒▒


You could see a crocodile (confused, very poisoned), 2 adders and a river rat.

Vanquished Creatures
  3 adders
  A river rat (Sewer)
  A ribbon worm (D:2)
  A dart slug (D:1)
  5 orcs (D:3)
  5 bats
  6 endoplasms
  3 giant cockroaches
  3 goblins
  5 hobgoblins
  3 jackals (D:3)
  4 kobolds
  3 quokkas (D:2)
  8 ball pythons
  7 frilled lizards
  3 rats
61 creatures vanquished.

Notes
Turn   | Place    | Note
-------+----------+-------------------------------------------
     0 | D:1      | Zeor the Merfolk Alchemist began the quest for the Orb.
     0 | D:1      | Reached XP level 1. HP: 13/13 MP: 3/3
   174 | D:1      | Reached skill level 1 in Conjurations
   197 | D:1      | Reached XP level 2. HP: 6/19 MP: 0/5
   252 | D:1      | Learned a level 2 spell: Mercury Vapours
   923 | D:1      | Reached XP level 3. HP: 24/24 MP: 3/6
   930 | D:1      | Learned a level 3 spell: Mephitic Cloud
  1325 | D:2      | Identified a scroll of acquirement
  1325 | D:2      | Acquired a staff of fire
  1454 | D:2      | Found a runed translucent door.
  1455 | D:2      | Noticed Crazy Yiuf
  1929 | D:2      | Reached XP level 4. HP: 30/30 MP: 4/7
  2480 | D:3      | Found a faded altar of an unknown god.
  2653 | D:3      | Found a glowing drain.
  2682 | D:3      | Reached skill level 1 in Short Blades
  2733 | Sewer    | Entered a sewer
  2753 | Sewer    | Reached skill level 5 in Alchemy
  2809 | Sewer    | Noticed a crocodile
  2822 | Sewer    | Slain by a river rat

Illustrated notes

Levels and vault maps discovered:
D:1:      heliophobic_arrival_dark_side_of_the_moon, layout_loops_corners,
          st_stairs_7
D:2:      layout_loops_cross, uniq_crazy_yiuf_cottage
D:3:      layout_loops_ring, evilmike_ruin_ashenzari,
          mainiacjoe_overflow_tiny_flanked, elyvilon_altar_1,
          hellmonk_ecumenical_altar_lost_god, gup_sewer_entry_glass
Sewer:    sewer_co_15_rooms

Skill      XL: |  1  2  3  4 |
---------------+-------------+-----
Conjurations   | 1 |  1.1
Dodging        | 3 4 |  4.0
Short Blades   | 1 |  1.0
Alchemy        | 5 |  5.0
Fighting       | |  0.2
Armour         | |  0.9
Stealth        | |  2.5
Spellcasting   | |  2.5

Action                     |  1- 3 |  4- 6 || total
---------------------------+-------+-------++-------
  Melee: Dagger            |    79 |     6 ||    85
         Unarmed           |     9 |       ||     9
         Punch             |     2 |     1 ||     3
         Short sword       |       |    80 ||    80
   Cast: Sting             |    30 |    11 ||    41
         Mercury Vapours   |       |     7 ||     7
         Mephitic Cloud    |       |     1 ||     1
    Use: Scroll            |     7 |     3 ||    10
   Stab: Sleeping          |     7 |       ||     7
 Armour: Robe              |    10 |       ||    10
         Leather armour    |    29 |    49 ||    78
  Dodge: Dodged            |    62 |    48 ||   110
